 Dungeon Crawl Stone Soup version 0.30-a0-1114-gd936c97349 (webtiles) character file.

Game seed: 16556881866667424449

32 hikkokomori the Ogre Mage (level 3, -2/35 HPs)
             Began as an Ogre Hedge Wizard on Apr 21, 2023.
             Slain by a goblin
             ... wielding a +0 club
              (3 damage)
             ... on level 2 of the Dungeon.
             The game lasted 00:02:11 (1155 turns).

hikkokomori the Ogre Mage (Ogre Hedge Wizard)       Turns: 1155, Time: 00:02:12

Health: -2/35      AC:  3    Str: 11 (14) XL:     3   Next: 25%
Magic:  2/8        EV:  9    Int: 15 (17) God:
Gold:   17         SH:  0    Dex:  5 (8)  Spells: 8/9 levels left

rFire   . . .      SeeInvis .    a - +0 dagger
rCold   . . .      Faith    .    (no shield)
rNeg    . . .      Spirit   .    b - +0 robe
rPois   .          Reflect  .    c - +0 hat
rElec   .          Rampage  .    (no cloak)
rCorr   .                        (gloves unavailable)
Will    .....                    (boots unavailable)
Stlth   +                        (no amulet)
HPRegen 0.25/turn                (no ring)
MPRegen 0.11/turn                (no ring)

@: about to teleport
A: large, unfitting armour, tough skin 1
a: no special abilities


You were on level 2 of the Dungeon.
You visited 1 branch of the dungeon, and saw 2 of its levels.

You collected 17 gold pieces.

Inventory:

Hand Weapons
 a - a +0 dagger (weapon)
Armour
 b - a +0 robe (worn)
 c - a +0 hat (worn)
Potions
 d - a potion of magic
 g - 2 potions of might


   Skills:
 + Level 2.0 Fighting
 - Level 1.7 Dodging
 - Level 1.4 Stealth
 - Level 3.6 Spellcasting
 + Level 1.6 Conjurations
 + Level 1.6 Summonings
 - Level 0.8 Translocations


You had 8 spell levels left.
You knew the following spells:

 Your Spells              Type           Power      Damage    Failure   Level
a - Magic Dart            Conj           28%        1d4       10%         1

Your spell library contained the following spells:

 Spells                   Type           Power      Damage    Failure   Level
 Call Imp                 Summ           14%        N/A       14%         2
 Slow                     Hex            8%         N/A       19%         1
 Blink                    Tloc           10%        N/A       21%         2
 Cigotuvi's Dreadful Rot  Necr/Pois/Air  4%         N/A       28%         2
 Poisonous Vapours        Pois/Air       4%         N/A       28%         2
 Mephitic Cloud           Conj/Pois/Air  4%         N/A       41%         3
 Freezing Cloud           Conj/Ice/Air   2%         6-21      99%         5


Dungeon Overview and Level Annotations

Branches:
Dungeon (2/15)

Altars:


Innate Abilities, Weirdness & Mutations

You are too large for most types of armour.
You have tough skin. (AC +1)


Message History

The goblin is moderately wounded.
The hobgoblin barely misses you. The goblin barely misses you.
You hit the goblin.
The goblin is severely wounded.
The bat hits you but does no damage. The bat closely misses you.
The goblin hits you but does no damage. The bat hits you but does no damage.
The hobgoblin hits you. The goblin hits you but does no damage.
You closely miss the goblin.
The goblin is severely wounded.
The giant cockroach bites you but does no damage.
The goblin hits you with a +0 club. The hobgoblin closely misses you.
The goblin hits you with a +0 club.
The giant cockroach bites you but does no damage.
You are too injured to fight recklessly!
You are too injured to fight recklessly!
You are too injured to fight recklessly!
You are too injured to fight recklessly!
You are too injured to fight recklessly!
You are too injured to fight recklessly!
Unknown command.
As you read the scroll of teleportation, it crumbles to dust.
You feel strangely unstable. The bat closely misses you.
The giant cockroach barely misses you. The hobgoblin hits you.
* * * LOW HITPOINT WARNING * * *
The goblin hits you with a +0 club.
* * * LOW HITPOINT WARNING * * *
The goblin hits you with a +0 club.
* * * LOW HITPOINT WARNING * * *
The bat closely misses you.
It was a potion of degeneration.
There was something very wrong with that liquid.
You feel weakened.
You feel dopey.
You feel clumsy. The bat hits you but does no damage.
The giant cockroach bites you but does no damage.
The goblin barely misses you. The hobgoblin barely misses you.
The goblin barely misses you. The bat hits you.
* * * LOW HITPOINT WARNING * * *
The bat attacks as you move away! The bat completely misses you.
The goblin attacks as you move away! The goblin hits you with a +0 club.
You die...

............
#...........
#.........#
#.........#
#....[....#
#....?....#
#..Bgg....#
#...@g....#
#....b....#
###########


You could see a giant cockroach, a hobgoblin, 2 goblins and a bat.

Vanquished Creatures
  A dart slug (D:1)
  3 ball pythons (D:1)
  3 bats (D:1)
  4 endoplasms (D:1)
  A giant cockroach (D:1)
  2 goblins (D:1)
  2 hobgoblins (D:1)
  4 kobolds
  3 quokkas
  A rat (D:1)
24 creatures vanquished.

Notes
Turn   | Place    | Note
-------+----------+-------------------------------------------
     0 | D:1      | hikkokomori the Ogre Hedge Wizard began the quest for the
                  | Orb.
     0 | D:1      | Reached XP level 1. HP: 16/16 MP: 5/5
    31 | D:1      | Reached skill level 1 in Conjurations
    31 | D:1      | Reached skill level 1 in Summonings
    63 | D:1      | Reached skill level 1 in Fighting
   126 | D:1      | Reached XP level 2. HP: 27/27 MP: 0/6
   855 | D:1      | Reached XP level 3. HP: 35/35 MP: 1/8
  1154 | D:2      | HP: 1/35 [bat (1)]
  1155 | D:2      | Slain by a goblin

Illustrated notes

Levels and vault maps discovered:
D:1:      mrwooster_arrival_statue_2, layout_basic
D:2:      layout_rooms

Skill      XL: |  1  2  3 |
---------------+----------+-----
Conjurations   | 1 |  1.6
Summonings     | 1 |  1.6
Fighting       | 1 2 |  2.0
Dodging        | |  1.7
Stealth        | |  1.4
Spellcasting   | |  3.6
Translocations | |  0.8

Action                     || total
---------------------------++-------
  Melee: Dagger            ||    80
         Punch             ||     1
   Cast: Magic Dart        ||    47
    Use: Scroll            ||     5
         Potion            ||     1
   Stab: Sleeping          ||     1
 Armour: Robe              ||    38
  Dodge: Dodged            ||    70

Table legend: (Time is in decaauts)
 A = Elapsed time spent in this place.
 B = Non-inter-level travel time spent in this place.
 C = Inter-level travel time spent in this place.
 D = Time resting spent in this place.
 E = Time spent auto-exploring this place.
 F = Levels seen in this place.
 G = Mean time per level.
                   A        B        C        D        E       F      G
               +--------+--------+--------+--------+--------+-----+--------+
         Total |   1154 |   1134 |     20 |      0 |    936 |   2 |  577.0 |
       Dungeon |   1154 |   1134 |     20 |      0 |    936 |   2 |  577.0 |
               +--------+--------+--------+--------+--------+-----+--------+

Top non-repeatable levels by time:
     D:1: 1127 daAuts
     D:2: 27 daAuts
